 Dungeon Crawl Stone Soup version 0.23-a0-385-gb2d5814 (webtiles) character file.

2359 Cryolive the Digger (level 9, -2/52 HPs)
             Began as a Gargoyle Earth Elementalist on Oct 28, 2018.
             Was an Initiate of Vehumet.
             Slain by a troll (11 damage)
             ... on level 9 of the Dungeon.
             The game lasted 00:24:27 (7608 turns).

Cryolive the Digger (Gargoyle Earth Elementalist)   Turns: 7608, Time: 00:24:27

Health: -2/52      AC: 10    Str: 18    XL:     9   Next: 44%
Magic:  1/25       EV: 13    Int: 22    God:    Vehumet [......]
Gold:   53         SH:  4    Dex: 10    Spells: 9/18 levels left

rFire    + + .     SeeInvis .   A - +1 war axe (elec)
rCold    . . .     Gourm    .   n - +0 buckler
rNeg     + . .     Faith    .   c - +0 robe
rPois    ∞         Spirit   .   o - +1 hat
rElec    +         Reflect  .   t - scarf {rC+ rF+}
rCorr    .         Harm     .   (no gloves)
MR       +....                  G - +0 pair of boots
Stlth    ++........             (no amulet)
HPRegen  0.17/turn              x - ring of Wecodet {rC- MR+ MP+9 Str+7 Int+2}
MPRegen  0.19/turn              w - ring of protection from fire

@: no status effects
A: negative energy resistance 1, electricity resistance, unbreathing,
petrification resistance, rot immunity, AC +6
a: Renounce Religion


You were on level 9 of the Dungeon.
You worshipped Vehumet.
Vehumet was noncommittal.
You were not hungry.

You visited 2 branches of the dungeon, and saw 10 of its levels.

You collected 352 gold pieces.
You spent 299 gold pieces at shops.

Inventory:

Hand Weapons
 A - a +1 war axe of electrocution (weapon)
 J - the +7 long sword of Upheaval {slice, *Corrode rPois Str+4}
   (You found it on level 8 of the Dungeon)

   It inflicts extra damage upon your enemies.
   It affects your strength (+4).
   It protects you from poison.
   It may corrode you when you take damage.
 N - the cursed +1 hunting sling of Insufficient Pleasure {venom, Str+4}
   (You found it on level 9 of the Dungeon)

   It poisons the ammo it fires.
   It affects your strength (+4).
   It has a curse placed upon it.
Missiles
 b - 84 stones (quivered)
Armour
 c - a +0 robe (worn)
 n - a +0 buckler (worn)
 o - a +1 hat (worn)
 t - a scarf of resistance (worn)
 y - the +1 pair of boots of Shadows and Fog {Dex+2}
   (You found it on level 7 of the Dungeon)

   It affects your dexterity (+2).
 G - a +0 pair of boots (worn)
Jewellery
 q - an uncursed ring of stealth
 w - a ring of protection from fire (right hand)
 x - the ring of Wecodet (left hand) {rC- MR+ MP+9 Str+7 Int+2}
   (You found it on level 7 of the Dungeon)

   [ring of protection from magic]

   It affects your strength (+7).
   It affects your intelligence (+2).
   It makes you vulnerable to cold.
   It affects your resistance to hostile enchantments.
   It affects your magic capacity (+9).
Wands
 v - a wand of digging (5)
Scrolls
 e - 5 scrolls of identify
 f - 9 scrolls of remove curse
 k - a scroll of noise {unknown}
 m - 4 scrolls of fog {unknown}
 p - 2 scrolls of fear {unknown}
 s - 2 scrolls of enchant weapon {unknown}
 u - 8 scrolls of magic mapping {unknown}
 z - 2 scrolls of random uselessness {unknown}
 B - a scroll of blinking {unknown}
 D - 2 scrolls of teleportation {unknown}
 H - 2 scrolls of amnesia {unknown}
 L - a scroll of immolation {unknown}
Potions
 a - a potion of might {unknown}
 g - 5 potions of heal wounds
 h - a potion of invisibility {unknown}
 i - 2 potions of magic {unknown}
 j - 4 potions of curing
 l - 2 potions of cancellation
 r - 5 potions of haste {unknown}
 C - a potion of flight {unknown}
 E - 2 potions of brilliance {unknown}
 F - a potion of lignification {unknown}
 I - a potion of ambrosia {unknown}
 M - a potion of resistance {unknown}
Comestibles
 d - 7 rations


   Skills:
 + Level 4.2 Fighting
 + Level 4.1 Armour
 + Level 3.6 Dodging
 - Level 2.1 Stealth
 - Level 4.0 Shields
 + Level 5.0 Spellcasting
 + Level 4.8 Conjurations
   Level 0.7 Transmutations
 + Level 7.1 Earth Magic
 + Level 3.2 Evocations


You had 9 spell levels left.
You knew the following spells:

 Your Spells              Type           Power        Failure   Level  Hunger
a - Sandblast             Erth           #####.       1%          1    None
b - Stone Arrow           Conj/Erth      ####..       2%          3    ##.....
c - Lee's Rapid Deconstr  Erth           #####.....   16%         5    #####..

Your spell library contained the following spells:

 Spells                   Type           Power        Failure   Level  Hunger
 Passwall                 Tmut/Erth      ###.....     3%          2    None
 Throw Frost              Conj/Ice       ###...       5%          2    None
 Beastly Appendage        Tmut           #.....       8%          1    None
 Freeze                   Ice            #...         10%         1    None
 Sticks to Snakes         Tmut           #.......     12%         2    None
 Petrify                  Tmut/Erth      ###.....     21%         4    ####...
 Spider Form              Tmut/Pois      #.........   26%         3    ##.....
 Ozocubu's Armour         Chrm/Ice       #.......     30%         3    ##.....
 Throw Icicle             Conj/Ice       ###.....     36%         4    ####...
 Ice Form                 Ice/Tmut       #.......     65%         4    ####...
 Summon Ice Beast         Ice/Summ       #.......     69%         4    ####...
 Blade Hands              Tmut           #.........   91%         5    #####..


Dungeon Overview and Level Annotations

Branches:
Dungeon (9/15)             Temple (1/1) D:7
   Lair: D:8-11         Orc: D:9-12

Altars:
Ashenzari
Cheibriados
Dithmenos
Elyvilon
Fedhas
Gozag
Hepliaklqana
Kikubaaqudgha
Nemelex Xobeh
Okawaru
Qazlal
Ru
Sif Muna
Trog
Uskayaw
Vehumet
Wu Jian
Xom
Yredelemnul
Zin
The Shining One

Shops:
D:8 ([%**

Annotations:
D:4 3 runed doors, zyena's ghost, novice MfTm


Innate Abilities, Weirdness & Mutations

You are resistant to torment.
Your stone body is resilient. (AC +6)
You are immune to poison.
You resist negative energy. (rN+)
You are resistant to electric shocks. (rElec)
You can survive without breathing.
You are immune to petrification.
You are immune to rotting.


Message History

Press: ? - help, Shift-Dir - straight line, f/p - troll
Aim: a troll (severely wounded)
The stone arrow hits the troll.
The troll is almost dead.
The troll closely misses you. The troll claws you. x2
Casting: Stone Arrow (safe; 2% risk of failure)
Confirm with . or Enter, or press ? or * to list all spells.
You don't have enough magic to cast that spell.
Unknown command.
Casting: Stone Arrow (safe; 2% risk of failure)
Confirm with . or Enter, or press ? or * to list all spells.
Aiming: Sandblast (safe; 1% risk of failure)
Press: ? - help, Shift-Dir - straight line, f/p - troll
Aim: a troll (almost dead)
The blast of sand misses the troll.
b - 84 stones The troll bites you!
* * * LOW HITPOINT WARNING * * *
The troll claws you!
You die...

....####....####......
.....# ###...##...#
.....# ###.....#
......# ##....#
......# ###...## ##.
......#
###......###....
....###
#............... ...##
#.......!....#
##.......@#####
#........T#
#.....##..#
#..###....# ###
#.....# #...##.. ....#
#... ..## #.... .#
.!....


You could see a troll.

Vanquished Creatures
  A centaur skeleton (D:8)
  A hippogriff (D:8)
  Prince Ribbit (D:7)
  3 ice beasts
  2 black bears
  A centaur (D:5)
  2 bullfrogs (D:6)
  2 scorpions
  3 howler monkeys
  3 crimson imps
  A quasit (D:6)
  A bullfrog skeleton (D:5)
  3 hounds
  3 orc priests
  A jelly (D:6)
  3 orc wizards
  Ijyb (D:4)
  2 iguanas
  5 worker ants
  A worker ant zombie (D:5)
  6 adders
  3 oozes
  3 worms (D:4)
  2 dart slugs
  4 leopard geckos
  22 orcs
  9 bats
  A giant cockroach (D:7)
  4 goblins
  10 hobgoblins
  20 jackals
  4 quokkas
  A ball python (D:2)
  7 frilled lizards
  A jackal zombie (D:7)
  4 kobolds (D:1)
  A quokka zombie (D:5)
  9 rats
151 creatures vanquished.

Notes
Turn   | Place    | Note
-------+----------+-------------------------------------------
     0 | D:1      | Cryolive the Gargoyle Earth Elementalist began the quest
                  | for the Orb.
     0 | D:1      | Reached XP level 1. HP: 10/10 MP: 3/3
    35 | D:1      | Reached XP level 2. HP: 9/15 MP: 3/5
   160 | D:1      | Reached skill level 4 in Earth Magic
   569 | D:1      | Reached XP level 3. HP: 15/19 MP: 6/6
   574 | D:1      | Learned a level 3 spell: Stone Arrow
   929 | D:2      | Reached skill level 1 in Conjurations
  1063 | D:2      | Reached XP level 4. HP: 24/24 MP: 8/8
  1071 | D:2      | Found a hazy altar of Hepliaklqana.
  1072 | D:2      | Found a shimmering altar of Xom.
  1072 | D:2      | Noticed an earth elemental
  1073 | D:2      | Noticed a spectral ugly thing
  1073 | D:2      | Noticed an earth elemental
  1156 | D:2      | Found a shattered altar of Ashenzari.
  1597 | D:3      | Found a sparkling altar of Nemelex Xobeh.
  1597 | D:3      | Found a deep blue altar of Sif Muna.
  1989 | D:3      | Reached skill level 5 in Earth Magic
  1989 | D:3      | Reached XP level 5. HP: 20/28 MP: 6/10
  1997 | D:3      | Learned a level 5 spell: Lee's Rapid Deconstruction
  2491 | D:4      | Noticed Ijyb
  2546 | D:4      | Killed Ijyb
  2790 | D:4      | Reached skill level 1 in Armour
  2790 | D:4      | Reached XP level 6. HP: 27/33 MP: 6/11
  2791 | D:4      | Reached skill level 1 in Fighting
  2795 | D:4      | Reached skill level 1 in Shields
  2983 | D:4      | Reached skill level 1 in Evocations
  3131 | D:4      | Found a runed gate.
  3131 | D:4      | Found a runed gate.
  3132 | D:4      | Found a runed gate.
  3308 | D:4      | Noticed zyena's ghost (novice MfTm)
  3346 | D:5      | Entered Level 5 of the Dungeon
  3475 | D:5      | Reached XP level 7. HP: 37/38 MP: 12/12
  3537 | D:5      | Found an iron altar of Okawaru.
  4036 | D:5      | Found a white marble altar of Elyvilon.
  4697 | D:6      | Reached skill level 6 in Earth Magic
  4697 | D:6      | Reached XP level 8. HP: 23/45 MP: 0/14
  5677 | D:7      | Found a staircase to the Ecumenical Temple.
  5687 | Temple   | Entered the Ecumenical Temple
  5755 | Temple   | Became a worshipper of Vehumet
  5935 | D:7      | Noticed Prince Ribbit
  6044 | D:7      | Got a steaming tin ring
  6062 | D:7      | Found a bloodstained altar of Trog.
  6123 | D:7      | Found an ornate altar of the Wu Jian Council.
  6194 | D:7      | Killed Prince Ribbit
  6615 | D:7      | Got a pair of slimy boots
  6616 | D:7      | Identified the +1 pair of boots of Shadows and Fog {Dex+2}
                  | (You found it on level 7 of the Dungeon)
  6617 | D:7      | Identified the ring of Wecodet {rC- MR+ MP+9 Str+7 Int+2}
                  | (You found it on level 7 of the Dungeon)
  6638 | D:7      | Found an opulent altar of Gozag.
  6819 | D:8      | Found Jestugg's Assorted Antiques.
  6847 | D:8      | Got a brightly glowing long sword
  6848 | D:8      | Identified the +7 long sword of Upheaval {slice, *Corrode
                  | rPois Str+4} (You found it on level 8 of the Dungeon)
  6902 | D:8      | Reached XP level 9. HP: 52/52 MP: 16/16
  6994 | D:8      | Found Idug Ugu's Assorted Antiques.
  6997 | D:8      | Bought a potion of heal wounds for 115 gold pieces
  6997 | D:8      | Bought a potion of curing for 69 gold pieces
  7018 | D:8      | Bought a potion of heal wounds for 115 gold pieces
  7095 | D:8      | Found Gaonn's Food Emporium.
  7120 | D:8      | Reached skill level 7 in Earth Magic
  7215 | D:8      | Found Efeo's Antique Weapon Shop.
  7267 | D:8      | Found Juet's Antique Armour Shoppe.
  7542 | D:9      | Got a crude hunting sling
  7554 | D:9      | Identified the cursed +1 hunting sling of Insufficient
                  | Pleasure {venom, Str+4} (You found it on level 9 of the
                  | Dungeon)
  7592 | D:9      | Noticed a troll
  7604 | D:9      | Reached skill level 5 in Spellcasting
  7608 | D:9      | Slain by a troll

Vault maps used:
D:1:      dpeg_arrival_pond
D:2:      regret_index_temple_of_mockery, ashenzari_altar_1
D:3:      gammafunk_temple_overflow_pools, serial_rivers,
          chequers_serial_rivers_large_a, chequers_serial_rivers_marsh,
          chequers_serial_rivers_micro_e, chequers_serial_rivers_room_b,
          chequers_serial_rivers_micro_e, chequers_serial_rivers_small_a
D:4:      first_ration, gammafunk_ghost_nasty_kobolds, uniq_ijyb
D:5:      okawaru_metal_pillars_1_2, elyvilon_altar_5
D:6:      black_bear_nest_1
D:7:      kennysheep_little_box, lemuel_round_altar, lemuel_doored_altar,
          minmay_temple_entry_junction, uniq_prince_ribbit1
D:8:      serial_shops, shop, nicolae_shop_waterfront, shop, shop, shop,
          kennysheep_cross_room
D:9:      kennysheep_mini_moat, due_lair_maze_entry_diamond, hangedman_fish_farm
Temple:   minmay_temple_curvy_loop

Skill      XL: |  1  2  3  4  5  6  7  8  9 |
---------------+----------------------------+-----
Earth Magic    | 4 5 6 7 |  7.1
Conjurations   | 1 2 3 4 |  4.8
Spellcasting   | 3 4 5 |  5.0
Armour         | 1 2 3 4 |  4.1
Fighting       | 1 2 3 4 |  4.2
Shields        | 1 2 3 4 |  4.0
Dodging        | 2 3 |  3.6
Evocations     | 1 2 3 |  3.2
Stealth        | |  2.1
Transmutations | |  0.7

Action                   |  1- 3 |  4- 6 |  7- 9 || total
-------------------------+-------+-------+-------++-------
Melee: Club              |    40 |       |       ||    40
       Unarmed           |     4 |       |       ||     4
       Dagger            |    66 |   126 |       ||   192
       War axe           |       |    27 |   189 ||   216
 Cast: Sandblast         |     7 |    35 |    24 ||    66
       Stone Arrow       |       |     6 |    20 ||    26
       Lee's Rapid Decon |       |       |     1 ||     1
  Use: Scroll            |     2 |     1 |     4 ||     7
 Stab: Sleeping          |     1 |     3 |     5 ||     9
  Eat: Chunk             |     1 |     5 |    14 ||    20
       Ration            |       |     1 |       ||     1
Armor: Robe              |    53 |    59 |   113 ||   225
Dodge: Dodged            |    76 |    83 |   146 ||   305
Block: Buckler           |     4 |    26 |    51 ||    81

Table legend:
 A = Non-vault XP
 B = Vault XP
 C = Vault XP percentage of total XP
 D = Non-vault monster count
 E = Vault monster count
 F = Vault count percentage of total count
                 A         B        C        D         E       F
            +---------+---------+-------+---------+---------+-------
      Total |    2948 |     423 |  12.5 |     148 |       3 |   2.0
            +---------+---------+-------+---------+---------+-------
        D:1 |      43 |       0 |   0.0 |      25 |       0 |   0.0
        D:2 |      67 |       0 |   0.0 |      23 |       0 |   0.0
        D:3 |     117 |       0 |   0.0 |      20 |       0 |   0.0
        D:4 |     301 |      36 |  10.7 |      24 |       1 |   4.0
        D:5 |     523 |       0 |   0.0 |      20 |       0 |   0.0
        D:6 |     698 |     128 |  15.5 |      16 |       1 |   5.9
        D:7 |      86 |     259 |  75.1 |       7 |       1 |  12.5
        D:8 |    1074 |       0 |   0.0 |      11 |       0 |   0.0
        D:9 |      39 |       0 |   0.0 |       2 |       0 |   0.0
            +---------+---------+-------+---------+---------+-------
